[Event "Early-Titled-Tuesday-Blitz-August-29-2023"]
[Site "Chess.com"]
[Date "2023.08.29"]
[Round "7"]
[White "GMG"]
[Black "Rsnr"]
[Result "1-0"]
[WhiteElo "2745"]
[BlackElo "2898"]
[TimeControl "180+1"]
[EndTime "9:16:52 PDT"]
[Termination "GMG won by resignation"]

1. d4 d5 2. Nf3 Nf6 3. c4 e6 4. Nc3 Bb4 5. Qa4+ Nc6 6. a3 Bxc3+ 7. bxc3 Ne4 8. e3 Nxc3 9. Qc2 Ne4 10. Bd3 Ne7 11. Bxe4 dxe4 12. Qxe4 Rb8 13. Bb2 b6 14. O-O Bb7 15. Qg4 Ng6 16. d5 exd5 17. Bxg7 Rg8 18. Bb2 Ne7 19. Qh5 dxc4 20. e4 Qd6 21. Ne5 Qe6 22. f3 Rd8 23. Rad1 Rxd1 24. Rxd1 h6 25. Nxf7 Qg6 26. Qxg6 Rxg6 27. Ne5 Re6 28. Nxc4 Rc6 29. Ne3 Rg6 30. Kf2 c5 31. g4 b5 32. h4 c4 33. Bc3 a6 34. h5 Rb6 35. Ba5 Rc6 36.
Rd8+ Kf7 37. Bb4 Bc8 38. Nd5 Ng8 39. Rxg8 Kxg8 40. Ne7+ Kf7 41. Nxc6 1-0

[Event "Early-Titled-Tuesday-Blitz-August-29-2023"]
[Site "Chess.com"]
[Date "2023.08.29"]
[Round "7"]
[White "Sina_Movahed"]
[Black "Elsa167"]
[Result "1/2-1/2"]
[WhiteElo "2977"]
[BlackElo "2880"]
[TimeControl "180+1"]
[EndTime "9:16:53 PDT"]
[Termination "Game drawn - insufficient material"]

1. e4 c5 2. Nf3 d6 3. d4 cxd4 4. Nxd4 Nf6 5. Nc3 Nc6 6. Bg5 e6 7. Qd3 Qb6 8. O-O-O Qxd4 9. Qxd4 Nxd4 10. Rxd4 a6 11. Na4 Nd7 12. c4 Be7 13. Bxe7 Kxe7 14. Be2 e5 15. Rd2 Nf6 16. Nb6 Rb8 17. f3 Be6 18. Rhd1 Rhd8 19. a4 a5 20. b3 Ne8 21.
g3 Nc7 22. f4 f6 23. Bd3 Na6 24.
Bc2 Nc7 25. f5 Bf7 26. c5 Ne8 27. Kb2 Bh5 28. cxd6+ Rxd6 29. Rxd6 Nxd6 30. Rd5 Bf3 31. Rc5 Kd8 32. Rxa5 Bxe4 33. Bxe4 Nxe4 34. Rb5 g6 35. fxg6 hxg6 36. a5 Nd6 37. Rd5 Kc7 38. Rc5+ Kd8 39.
g4 Ke7 40. Rc7+ Ke6 41. Nd7 Rh8 42. Nc5+ Kd5 43. Nxb7 Rxh2+ 44. Kb1 Nxb7 45. Rxb7 f5 46. gxf5 gxf5 47. a6 Rh8 48. a7 Ra8 49. b4 Kc6 50.
Rf7 f4 51. Kc2 Kb6 52. Kb3 Rxa7 53. Rf6+ Kb5 54. Re6 Rf7 55. Rxe5+ Kc6 56. Re2 f3 57. Rf2 Kd5 58. Kc3 Ke4 59. b5 Ke3 60. Rf1 Ke2 61.
Rb1 f2 62. Kc4 Rd7 63. b6 f1=Q 64. Rxf1 Kxf1 65. Kc5 Rb7 66. Kc6 Rxb6+ 67. Kxb6 1/2-1/2

[Event "Early-Titled-Tuesday-Blitz-August-29-2023"]
[Site "Chess.com"]
[Date "2023.08.29"]
[Round "7"]
[White "guillembaches"]
[Black "rochaaaaaaaaaa"]
[Result "0-1"]
[WhiteElo "2423"]
[BlackElo "2239"]
[TimeControl "180+1"]
[EndTime "9:16:53 PDT"]
[Termination "rochaaaaaaaaaa won on time"]

1. e4 c6 2. d4 d5 3. e5 Bf5 4.
h4 h5 5. Bd3 Bxd3 6. Qxd3 Qa5+ 7.
Nd2 e6 8. Nf3 Ne7 9. O-O Nf5 10.
Nb3 Qa6 11. Qd1 b6 12. Re1 Nd7 13. Bg5 g6 14. a4 Qb7 15. a5 b5 16. Nc1 a6 17.
Nd3 c5 18. dxc5 Nxc5 19. Bf6 Rg8 20. Nxc5 Bxc5 21. c3 Rc8 22. Qd2 Qa7 23. b4 Bf8 24. Nd4 Nxd4 25. cxd4 Rc4 26. Rec1 Bxb4 27. Qh6 Qxd4 28.
Rxc4 bxc4 29. Rb1 c3 30. Qc1 Qd2 31. Qf1 c2 32. Ra1 Kd7 33. Kh2 Ra8 34. f4 Ba3 0-1

[Event "Early-Titled-Tuesday-Blitz-August-29-2023"]
[Site "Chess.com"]
[Date "2023.08.29"]
[Round "7"]
[White "Carlitus2004"]
[Black "kasun_bole"]
[Result "0-1"]
[WhiteElo "2505"]
[BlackElo "2349"]
[TimeControl "180+1"]
[EndTime "9:16:55 PDT"]
[Termination "kasun_bole won by resignation"]

1. Nf3 Nf6 2. g3 c5 3. Bg2 Nc6 4. O-O d5 5. d4 Bg4 6. dxc5 e6 7. c4 Bxc5 8. cxd5 Nxd5 9. Bd2 O-O 10. Nc3 Nb6 11. Rc1 Be7 12. Ne4 Rc8 13. Be3 Nd5 14. Bc5 Bf5 15. Nd4 Bxe4 16. Bxe4 Nxd4 17. Qxd4 Bxc5 18.
Rxc5 Rxc5 19. Qxc5 b6 20. Qa3 Nf6 21. Bf3 Qc7 22. Rd1 g6 23. Kg2 Kg7 24. Qa4 Rc8 25. Qd4 Qc5 26. Qf4 e5 27. Qg5 e4 28. Qxc5 exf3+ 29.
exf3 Rxc5 30. Rd2 h5 31. Re2 Rc7 32. h3 Kf8 33. g4 hxg4 34. hxg4 g5 35. Kg3 Kg7 36.
f4 gxf4+ 37. Kxf4 Rc4+ 38. Kf3 Rxg4 39. Re7 Ra4 40. a3 Ra5 41. Rb7 Rb5 42. b4 a5 43.
bxa5 Rxa5 44. Rxb6 Rxa3+ 45. Kg2 Ne4 46. Rb4 f5 47. f3 Nd2 48. f4 Kg6 49. Rb8 Ne4 50. Rg8+ Kh5 51. Rg7 Ra6 52. Kf3 Ra3+ 53. Ke2 Rg3 54.
Rf7 Kg4 55. Rh7 Kxf4 56. Rh4+ Rg4 57. Rh7 Kg3 58. Ke3 Nf2 59. Rc7 f4+ 60. Ke2 f3+ 61. Ke3 Re4+ 62. Kd2 Ng4 63. Rg7 f2 64. Rf7 Rf4 65.
Rxf4 Kxf4 66. Ke2 Kg3 67. Kf1 Ne3+ 68. Ke2 f1=Q+ 0-1

[Event "Early-Titled-Tuesday-Blitz-August-29-2023"]
[Site "Chess.com"]
[Date "2023.08.29"]
[Round "7"]
[White "CraiggoryC"]
[Black "LUISMIGUELOV"]
[Result "1-0"]
[WhiteElo "2190"]
[BlackElo "2104"]
[TimeControl "180+1"]
[EndTime "9:16:56 PDT"]
[Termination "CraiggoryC won on time"]

1. e4 c6 2. d4 d5 3. e5 c5 4. dxc5 Nc6 5. a3 Nxe5 6. b4 e6 7. Bb2 Nc6 8. Nf3 Nf6 9. Bd3 Be7 10.
O-O a6 11. Nbd2 b6 12. cxb6 Qxb6 13. c4 dxc4 14. Nxc4 Qc7 15. Rc1 O-O 16. Nce5 Bb7 17. Nxc6 Bxc6 18. Ne5 Bd6 19. Rxc6 Qb8 20. Rxd6 a5 21. Nd7 Nxd7 22. Rxd7 axb4 23. Qh5 h6 24. Bxg7 Kxg7 25. Qg4+ Kf6 26. Qh4+ Kg7 27. Qg4+ Kf6 28. Qh4+ Kg7 29. axb4 Qe5 30. Qe4 Qxe4 31. Bxe4 Rab8 32. Rb1 Rb6 33. b5 Kf6 34. g3 Ke5 35. Bf3 f5 36. Be2 Rc8 37. Rbd1 Rc5 38. Kf1 f4 39. Re1 1-0

[Event "Early-Titled-Tuesday-Blitz-August-29-2023"]
[Site "Chess.com"]
[Date "2023.08.29"]
[Round "7"]
[White "Durarbayli"]
[Black "attack2mateU"]
[Result "1-0"]
[WhiteElo "2911"]
[BlackElo "2739"]
[TimeControl "180+1"]
[EndTime "9:16:57 PDT"]
[Termination "Durarbayli won by resignation"]

1. e4 c5 2. Nf3 d6 3. d4 cxd4 4. Nxd4 Nf6 5. Nc3 a6 6. Be2 e5 7. Nb3 Be7 8. Be3 Be6 9. Nd5 Nbd7 10. Qd3 Bxd5 11. exd5 Rc8 12. O-O-O Nb6 13. Kb1 O-O 14. g4 Nfxd5 15. Bd2 Bg5 16. Bf3 Nf4 17. Bxf4 Bxf4 18. Bxb7 Rb8 19. Be4 d5 20. Bxd5 Nxd5 21. Qxd5 Qb6 22. f3 Rfc8 23. h4 a5 24. Qxa5 Qf2 25.
c3 Qxf3 26. Qd5 Qxg4 27. Qe4 Qg6 28. Qxg6 hxg6 29. Kc2 Ra8 30. a3 Kh7 31. Rd7 f6 32. Nd2 Bxd2 33. Kxd2 Rcb8 34. Kc2 Kh6 35. Rc7 e4 36.
Re1 f5 37. c4 Rc8 38. Rxc8 Rxc8 39. Kc3 Kh5 40. b4 Kg4 41. b5 Kf3 42. Kd4 Kf2 43. Rb1 e3 44. b6 e2 45. c5 Rd8+ 46. Kc4 Ke3 47. b7 Rd1 48. b8=Q e1=Q 49. Qe5+ Kf2 50. Qxe1+ Rxe1 51. Rxe1 Kxe1 52. c6 f4 53. c7 f3 54.
c8=Q 1-0

[Event "Early-Titled-Tuesday-Blitz-August-29-2023"]
[Site "Chess.com"]
[Date "2023.08.29"]
[Round "7"]
[White "hitaman"]
[Black "Nathan_Filgueiras"]
[Result "1-0"]
[WhiteElo "2724"]
[BlackElo "2532"]
[TimeControl "180+1"]
[EndTime "9:16:57 PDT"]
[Termination "hitaman won by resignation"]

1. e4 c5 2. Nf3 Nc6 3. d4 cxd4 4. Nxd4 e5 5. Nb5 d6 6. c4 Be7 7. N1c3 a6 8. Na3 f5 9. exf5 Bxf5 10. Bd3 Be6 11. Nc2 Nf6 12. Ne3 O-O 13. O-O Rc8 14.
Ned5 Qd7 15. Nb6 Qc7 16. Nxc8 Qxc8 17. Bg5 Nd4 18. Rc1 h6 19. Bxf6 Bxf6 20. b3 Bg5 21.
Rb1 b5 22. Ne4 bxc4 23. Nxg5 hxg5 24. bxc4 Bxc4 25. Rc1 d5 26. Qa4 Rf4 27. Bxc4 dxc4 28.
Rfe1 c3 29. Qa5 Qg4 30. h3 Ne2+ 31. Kh1 Qh5 32. Qd8+ Kh7 33. Qd3+ e4 34. Qxe2 g4 35.
Qe3 Qf5 36. g3 Rxf2 37. hxg4 Qf6 38. Qxe4+ Kh8 39. Qe8+ Kh7 40. Qh5+ Kg8 41. Re8+ 1-0

[Event "Early-Titled-Tuesday-Blitz-August-29-2023"]
[Site "Chess.com"]
[Date "2023.08.29"]
[Round "7"]
[White "Kostya0705"]
[Black "Shuvalov"]
[Result "0-1"]
[WhiteElo "2635"]
[BlackElo "2481"]
[TimeControl "180+1"]
[EndTime "9:16:57 PDT"]
[Termination "Shuvalov won on time"]

1. e4 e6 2. d4 d5 3. Nc3 Bb4 4. e5 c5 5. a3 Bxc3+ 6. bxc3 Ne7 7. Qg4 Qc7 8. Qxg7 Rg8 9. Qxh7 cxd4 10. Qd3 Qxe5+ 11. Ne2 dxc3 12. Qxc3 Qxc3+ 13. Nxc3 Nbc6 14. h4 e5 15. h5 Bf5 16. h6 Bxc2 17. h7 Rh8 18.
Ra2 Rxh7 19. Rg1 Bg6 20. Rb2 O-O-O 21. Bg5 d4 22. Nd1 Rdh8 23. Bc4 Rh1 24. Rxh1 Rxh1+ 25. Ke2 Bh5+ 26. f3 e4 27. Nf2 d3+ 28. Ke3 Re1+ 29. Kf4 Ng6+ 30. Kg3 Nge5 31. Bb5 exf3 32. gxf3 Rg1+ 33. Kf4 Nxf3 34. Bf6 d2 35. Be2 Rg6 36. Bc3 Rd6 37. Rb1 Ncd4 38. Bxd4 Rxd4+ 39. Ke3 Rd6 40. Bxf3 Re6+ 41. Be4 f5 42. Rh1 d1=Q 43. Nxd1 Bxd1 0-1

[Event "Early-Titled-Tuesday-Blitz-August-29-2023"]
[Site "Chess.com"]
[Date "2023.08.29"]
[Round "7"]
[White "leopato"]
[Black "jimmy-schlumpf"]
[Result "1-0"]
[WhiteElo "2164"]
[BlackElo "2380"]
[TimeControl "180+1"]
[EndTime "9:16:57 PDT"]
[Termination "leopato won on time"]

1. d4 Nf6 2. Nf3 g6 3. c4 Bg7 4.
Nc3 d5 5. cxd5 Nxd5 6. e4 Nxc3 7. bxc3 c5 8. Rb1 O-O 9. Be2 Nc6 10. Be3 cxd4 11. cxd4 Qa5+ 12. Kf1 Rd8 13. d5 Ne5 14. Nd4 e6 15. f4 exd5 16. fxe5 dxe4 17. Qb3 Qxe5 18. Nb5 Be6 19. Qb4 Bxa2 20. Re1 a6 21. Na3 b5 22. g3 Bf8 23. Qa5 Qb2 24.
Bc1 Qd4 25. Kg2 Bb4 26. Qc7 Rac8 27. Qf4 Bxe1 28. Rxe1 b4 29. Be3 Qc3 30. Rd1 Rxd1 31. Bxd1 Qxa3 32. Bd4 Rd8 33. Qf6 Rxd4 34. Qxd4 Qc3 35.
Qd8+ Kg7 36. Be2 e3 37. Qd6 Qd2 38. Kf3 Qd3 39. Bxd3 1-0

[Event "Early-Titled-Tuesday-Blitz-August-29-2023"]
[Site "Chess.com"]
[Date "2023.08.29"]
[Round "7"]
[White "ferrufino64"]
[Black "Yuruultei"]
[Result "0-1"]
[WhiteElo "2109"]
[BlackElo "2392"]
[TimeControl "180+1"]
[EndTime "9:16:57 PDT"]
[Termination "Yuruultei won on time"]

1. e4 c5 2. Nf3 e6 3. d4 cxd4 4. Nxd4 Nc6 5. Nc3 Qc7 6. a3 a6 7. Be3 Nf6 8. f3 d6 9. Qd2 b5 10. g4 Bb7 11. h4 Ne5 12. h5 h6 13. O-O-O Qa5 14. Nb3 Qc7 15. Be2 Rc8 16. Kb1 Be7 17. Rhg1 d5 18. f4 Nc4 19. Bxc4 dxc4 20. Nd4 Nxe4 21.
Nxe4 Bxe4 22. g5 c3 23. bxc3 Qxc3 24. gxh6 gxh6 25. f5 e5 26. Qxc3 Rxc3 27. f6 Bxf6 28. Rge1 Kf8 29. Kb2 Rc8 30. Bd2 Bh7 31. Bb4+ Kg8 32.
Rg1+ Bg7 33. Nf3 Rxc2+ 34. Kb3 Rc8 35. Rg2 Bc2+ 0-1

[Event "Early-Titled-Tuesday-Blitz-August-29-2023"]
[Site "Chess.com"]
[Date "2023.08.29"]
[Round "7"]
[White "Druid24"]
[Black "MITerryble"]
[Result "1-0"]
[WhiteElo "2671"]
[BlackElo "2920"]
[TimeControl "180+1"]
[EndTime "9:16:59 PDT"]
[Termination "Druid24 won on time"]

1. d4 e6 2. c4 Bb4+ 3. Bd2 c5 4. a3 Bxd2+ 5. Qxd2 cxd4 6. Qxd4 Nf6 7. Nc3 Nc6 8.
Qh4 O-O 9. Nf3 d6 10. e3 Qe7 11.
Rd1 Rd8 12. Bd3 h6 13. O-O b6 14. Rd2 Bb7 15. Rfd1 Rac8 16. Be2 a6 17. Qg3 Nh5 18.
Qh3 Nf6 19. Qg3 Nh5 20. Qh4 Nf6 21. b4 Rd7 22. Na4 Qd8 23. h3 Qc7 24. Qg3 Ne4 25. Qh4 Nxd2 26. Rxd2 Rcd8 27. Nb2 Ne5 28. Nd4 Ng6 29. Qg3 d5 30. Rc2 Qxg3 31. fxg3 Rc7 32. c5 bxc5 33. bxc5 Ne7 34. Nd3 Nc6 35. Nb4 Ne5 36. c6 Bc8 37. Bxa6 Bxa6 38. Nxa6 Rcc8 39. Rc5 Rd6 40. Nb4 Nc4 41. a4 e5 42. Nb5 Rdd8 43.
Rxd5 Nxe3 44. Rxd8+ Rxd8 45. c7 Rd1+ 46. Kf2 1-0

[Event "Early-Titled-Tuesday-Blitz-August-29-2023"]
[Site "Chess.com"]
[Date "2023.08.29"]
[Round "7"]
[White "lamomiajunior"]
[Black "SaqoChess_Twitch"]
[Result "0-1"]
[WhiteElo "2790"]
[BlackElo "2631"]
[TimeControl "180+1"]
[EndTime "9:16:59 PDT"]
[Termination "SaqoChess_Twitch won on time"]

1. d4 d5 2. Nc3 Nf6 3. Bf4 a6 4. e3 c5 5. dxc5 Nc6 6. a3 e5 7. Bg5 Be6 8. b4 Be7 9. Nf3 O-O 10. Be2 h6 11. Bxf6 Bxf6 12. O-O a5 13. b5 Ne7 14.
Na4 Rc8 15. Rc1 Nf5 16. c4 d4 17. exd4 e4 18. d5 exf3 19. Bxf3 Bd7 20. c6 bxc6 21. dxc6 Be6 22. Bd5 Nd4 23. Bxe6 Nxe6 24. Nb6 Qxb6 25.
a4 Rfd8 26. Qg4 Rd4 27. Qf3 Rcd8 28. Rfe1 Rf4 29. c5 Qxc5 30. Rxc5 Rxf3 31. c7 Rc8 32. Rxe6 Ra3 33. Re1 Rxa4 34. h3 Rb4 35. Rd1 a4 36.
Rc6 Kh7 37. b6 a3 38. Rxf6 gxf6 39. Rd8 a2 40. Rxc8 a1=Q+ 41. Kh2 Qe5+ 42. g3 Qf5 0-1

[Event "Early-Titled-Tuesday-Blitz-August-29-2023"]
[Site "Chess.com"]
[Date "2023.08.29"]
[Round "7"]
[White "Forge13"]
[Black "Magila31"]
[Result "1/2-1/2"]
[WhiteElo "2652"]
[BlackElo "2484"]
[TimeControl "180+1"]
[EndTime "9:16:59 PDT"]
[Termination "Game drawn - insufficient material"]

1. e4 g6 2. Nf3 Bg7 3. d4 d6 4. c3 Nc6 5. Bd3 e5 6. dxe5 Nxe5 7.
Nxe5 dxe5 8. O-O Nf6 9. Qe2 O-O 10. f3 Ne8 11. Be3 Nd6 12. Rd1 Qe7 13. Na3 f5 14. Nc4 Be6 15. Nxd6 cxd6 16. Bc4 Rac8 17. Bxe6+ Qxe6 18.
Qd3 Rc6 19. Bxa7 Ra8 20. Be3 Rxa2 21. Rxa2 Qxa2 22. exf5 Qxb2 23. fxg6 Qxc3 24. gxh7+ Kh8 25. Qxc3 Rxc3 26. Bg5 Bf8 27. f4 Kxh7 28. fxe5 dxe5 29. Rd7+ Kg6 30. Bd2 Rb3 31. g4 e4 32. Kf2 Bc5+ 33. Ke2 Rf3 34. h4 Rf2+ 35. Ke1 e3 36. Bc3 Rc2 37.
Rd3 Rxc3 38. Rxc3 Bb4 39. Ke2 Bxc3 40. Kxe3 b5 41. Kd3 b4 42. Kc2 Kf6 43. Kb3 Ke5 44. g5 Kf5 45. Kc2 Kg6 46. Kb3 Kh5 47. Ka4 Kxh4 48. g6 Kg5 49. g7 Bxg7 50. Kxb4 1/2-1/2

[Event "Early-Titled-Tuesday-Blitz-August-29-2023"]
[Site "Chess.com"]
[Date "2023.08.29"]
[Round "7"]
[White "maksimys18"]
[Black "Daniel_Salinas"]
[Result "0-1"]
[WhiteElo "2497"]
[BlackElo "2328"]
[TimeControl "180+1"]
[EndTime "9:16:59 PDT"]
[Termination "Daniel_Salinas won by resignation"]

1. d4 Nf6 2. Nf3 e6 3. c4 Bb4+ 4. Nc3 Bxc3+ 5. bxc3 b6 6. Bg5 Bb7 7. e3 h6 8. Bh4 g5 9. Bg3 Ne4 10. Qc2 d6 11. Bd3 f5 12. d5 exd5 13. cxd5 Bxd5 14. Nd4 Qf6 15. f3 Nc5 16. Bxf5 Nc6 17. h4 Ne7 18. hxg5 Qxg5 19. Bh4 Qxe3+ 20. Kd1 Nxf5 21. Re1 O-O 22. Nxf5 Bxf3+ 23. gxf3 Qxf3+ 24. Kc1 Nd3+ 25. Kb1 Qxf5 26. Rg1+ Kh7 27. a4 Rae8 28. Ra2 Nf4 29. Ka1 Qxc2 30. Rxc2 Re2 31. Rxe2 Nxe2 32. Re1 Re8 33. c4 Kg6 34. Kb2 Kf5 35. Rf1+ Kg4 36. Be1 h5 37. Rf7 Nf4 38. Bd2 Re2 39. Rxf4+ Kg3 40.
Rd4 h4 41. Kc3 h3 42. Bf4+ Kg2 43. Rd5 h2 44. Rg5+ Kf3 45. Bxh2 Rxh2 46. Rg7 Rh5 47. Rxc7 Rc5 48. Kd4 Rxc7 0-1

[Event "Early-Titled-Tuesday-Blitz-August-29-2023"]
[Site "Chess.com"]
[Date "2023.08.29"]
[Round "7"]
[White "Aygehovit1992"]
[Black "TrenerChos"]
[Result "1-0"]
[WhiteElo "2745"]
[BlackElo "2570"]
[TimeControl "180+1"]
[EndTime "9:17:00 PDT"]
[Termination "Aygehovit1992 won by resignation"]

1. e4 e5 2. Nf3 Nc6 3. Bb5 Nf6 4. O-O Nxe4 5. d4 Nd6 6. Bxc6 dxc6 7. dxe5 Nf5 8. Qxd8+ Kxd8 9. h3 Ke8 10. Nc3 Be7 11. Re1 h6 12. Ne2 Be6 13. Nf4 Rd8 14. a4 Nd4 15.
Nxd4 Rxd4 16. Nxe6 fxe6 17. Be3 Rd5 18. Bxa7 b6 19.
a5 Bc5 20. axb6 cxb6 21. Re2 Kd7 22. b4 Bd4 23. c4 Bxa1 24. cxd5 exd5 25. Bxb6 Re8 26. f4 Ke6 27. g4 g6 28. Kg2 Rf8 29. Kg3 Rb8 30. Bc5 Bc3 31. Bd6 Ra8 32. h4 d4 33. h5 d3 34. Re3 d2 35. Rd3 Ra1 36. hxg6 Bxe5 37. Bxe5 d1=Q 38. Rxd1 Rxd1 39. Kf3 Rb1 40. f5+ Ke7 41. f6+ Ke6 42. f7 Rb3+ 43.
Ke2 1-0

[Event "Early-Titled-Tuesday-Blitz-August-29-2023"]
[Site "Chess.com"]
[Date "2023.08.29"]
[Round "7"]
[White "mapleaff"]
[Black "ural58"]
[Result "0-1"]
[WhiteElo "2299"]
[BlackElo "2517"]
[TimeControl "180+1"]
[EndTime "9:17:01 PDT"]
[Termination "ural58 won by resignation"]

1. d4 d5 2. Bf4 Nf6 3. Nf3 e6 4. e3 c5 5. Nbd2 Bd7 6. Ne5 Bc6 7. c3 Nbd7 8. Nxc6 bxc6 9. Ba6 Qb6 10. Qa4 Nh5 11.
Bg3 Nxg3 12. hxg3 c4 13. b4 Nb8 14. b5 Nxa6 15. bxa6 Bd6 16. Ke2 O-O 17. Rab1 Qc7 18.
Rb7 Qc8 19. Qc2 h6 20. Nf3 c5 21. Ng5 f5 22. Nf3 Qc6 23. Rhb1 Qxa6 24. dxc5 Bxc5 25. Rd7 Rab8 26. Rxb8 Rxb8 27. g4 Qc6 28. Ne5 Qc8 29.
gxf5 Qe8 30. fxe6 Qxe6 31. Qg6 Qxg6 32. Nxg6 Rb2+ 33. Kf3 Rxa2 34. Rxd5 Bb6 35. Ne5 Ra4 36.
Ke4 Ra2 37. f4 Rxg2 38. Nxc4 Rg6 39. Rd7 Rc6 40. Kd5 Rc5+ 41. Kd4 h5 42. Nxb6 axb6 43. Rd5 Rxd5+ 44. Kxd5 h4 45. Ke4 Kf7 46. Kf3 Ke6 47.
Kg4 Kd5 48. Kxh4 Ke4 49. Kg5 Kxe3 50. f5 Ke4 51. Kg6 b5 52. Kg5 Kd5 53. Kg6 Ke5 54. Kg5 Ke4 55. Kg6 Kf4 56. f6 gxf6 57. Kxf6 Ke4 58. Kg5 Kd3 59. Kf4 Kxc3 60. Ke3 b4 0-1

[Event "Early-Titled-Tuesday-Blitz-August-29-2023"]
[Site "Chess.com"]
[Date "2023.08.29"]
[Round "7"]
[White "DKmirl"]
[Black "ajedrezhoy"]
[Result "0-1"]
[WhiteElo "2248"]
[BlackElo "2429"]
[TimeControl "180+1"]
[EndTime "9:17:01 PDT"]
[Termination "ajedrezhoy won on time"]

1. d4 Nf6 2. Nf3 b6 3. g3 Bb7 4. Bg2 c5 5. O-O g6 6. c4 Bg7 7.
d5 b5 8. cxb5 Nxd5 9. a3 O-O 10.
Qc2 d6 11. Nc3 Nxc3 12. bxc3 a6 13. bxa6 Nxa6 14. Rb1 Ra7 15. c4 Nc7 16. Bb2 Bxb2 17. Qxb2 Bxf3 18. Bxf3 Ne6 19. e3 Qa5 20. Ra1 Qa4 21.
Qb5 Ra5 22. Qb7 Ra7 23. Qb5 Rd8 24. Rfb1 Ra5 25. Qb6 Kf8 26. Bd5 Ra6 27. Qb5 Nc7 28. Qb7 Ra7 29. Qc6 Qxc6 30. Bxc6 e6 31. a4 Ra5 32. Rb7 Ne8 33. Bxe8 Kxe8 34. Rc7 Rd7 35. Rc8+ Ke7 36. Rc6 Rda7 37. Rd1 Rd7 38. Ra1 h5 39. Kg2 d5 40. cxd5 exd5 41. Rc1 c4 42. Ra1 Rd6 43. Rc7+ Ke6 44. Kf3 Rda6 0-1

[Event "Early-Titled-Tuesday-Blitz-August-29-2023"]
[Site "Chess.com"]
[Date "2023.08.29"]
[Round "7"]
[White "jcreyes69"]
[Black "C_K_G"]
[Result "1-0"]
[WhiteElo "2386"]
[BlackElo "2002"]
[TimeControl "180+1"]
[EndTime "9:17:01 PDT"]
[Termination "jcreyes69 won on time"]

1. e4 c5 2. Nf3 d6 3. c3 Nf6 4. h3 Nc6 5. Bd3 e6 6. O-O Be7 7. Bc2 c4 8. d4 cxd3 9. Bxd3 O-O 10. Be3 b6 11. Nbd2 Bb7 12. Qc2 h6 13. Rad1 Qc7 14. Rfe1 Rac8 15. Qb1 Rfd8 16. Bf4 Ne5 17. Nxe5 dxe5 18.
Bh2 Bc5 19. Bc2 Nh5 20. b4 Be7 21. Re3 Nf4 22. Nf3 Rxd1+ 23. Qxd1 Bxb4 24. Nxe5 Qxe5 25. Bxf4 Qxf4 26. cxb4 g6 27. g3 Qe5 28. Kh2 Qb2 29.
Re2 Qxb4 30. Qd7 Ba6 31. Bd3 Qa5 32. Re3 Rc1 33. Rf3 f5 34. Qxe6+ Kg7 35. Qe7+ Kg8 36. exf5 Qe1 37. Qxe1 Rxe1 38. Bxa6 1-0

[Event "Early-Titled-Tuesday-Blitz-August-29-2023"]
[Site "Chess.com"]
[Date "2023.08.29"]
[Round "7"]
[White "alexrustemov"]
[Black "Beca95"]
[Result "1-0"]
[WhiteElo "2866"]
[BlackElo "2953"]
[TimeControl "180+1"]
[EndTime "9:17:02 PDT"]
[Termination "alexrustemov won by resignation"]

1. d4 Nf6 2. c4 e6 3. Nf3 c5 4. d5 d6 5. Nc3 exd5 6. cxd5 g6 7.
h3 a6 8. a4 Qe7 9. Bf4 Nbd7 10. e3 Bg7 11. Be2 O-O 12. O-O Ne8 13. Nd2 f5 14. Qc2 g5 15. Bh2 f4 16. Bg4 Ne5 17.
Bxc8 Rxc8 18. exf4 gxf4 19. Rae1 Qg5 20. Kh1 Rc7 21.
Qe4 Rcf7 22. Nf3 Qh5 23. Nxe5 Bxe5 24. f3 Ng7 25. Ne2 Qg5 26. b4 Nh5 27. bxc5 dxc5 28.
Qc4 Rg7 29. Rg1 Kh8 30. Qxc5 Qf6 31. Rd1 Bd6 32. Qd4 Be5 33. Qd3 Rd8 34. Qb3 Re7 35. Rd2 Qh4 36. Rgd1 Rg7 37. Nc3 Ng3+ 38. Bxg3 fxg3 39.
Ne4 Bf4 40. Rd3 Rdd7 41. d6 Qh5 42. Qe6 Qf7 43. Qxf7 Rgxf7 44. Nc5 Rxd6 45. Rxd6 Bxd6 46. Rxd6 Rc7 47. Rd8+ Kg7 48. Ne6+ Kf6 49. Nxc7 1-0

[Event "Early-Titled-Tuesday-Blitz-August-29-2023"]
[Site "Chess.com"]
[Date "2023.08.29"]
[Round "7"]
[White "nitpicker"]
[Black "pedromartinez91"]
[Result "0-1"]
[WhiteElo "2298"]
[BlackElo "2451"]
[TimeControl "180+1"]
[EndTime "9:17:02 PDT"]
[Termination "pedromartinez91 won on time"]

1. d4 Nf6 2. c4 e5 3. dxe5 Ng4 4. Bf4 Nc6 5. Nf3 Bb4+ 6. Nbd2 Qe7 7. e3 Ngxe5 8.
Nxe5 Nxe5 9. Be2 d6 10. a3 Bxd2+ 11. Qxd2 b6 12. b4 Bb7 13. O-O O-O 14. Rfc1 Rad8 15. Qc3 Ng6 16. Bg3 f5 17. f4 Rfe8 18. Kf2 Nh4 19.
Bf3 Nxf3 20. gxf3 Qf7 21. Kg2 Re6 22. c5 dxc5 23. bxc5 Rde8 24. Re1 Qh5 25. Rf1 Ba6 26. Rfe1 Bb7 27. Rf1 Bd5 28. Rae1 c6 29. cxb6 axb6 30.
Rf2 b5 31. Qd4 Qf7 32. Qc3 Qe7 33. Rfe2 h5 34. h3 h4 35. Bh2 Qf7 36. Rf2 Qh5 37. Qd4 Rg6+ 38. Kf1 Bxf3 39. Qd7 Rge6 40. Qc7 Bd5 41. Qd7 Qg6 42. Ree2 Kh7 43. Re1 R8e7 0-1

[Event "Early-Titled-Tuesday-Blitz-August-29-2023"]
[Site "Chess.com"]
[Date "2023.08.29"]
[Round "7"]
[White "IPAchess"]
[Black "SAInt_666"]
[Result "0-1"]
[WhiteElo "2369"]
[BlackElo "2674"]
[TimeControl "180+1"]
[EndTime "9:17:05 PDT"]
[Termination "SAInt_666 won by resignation"]

1. d4 Nf6 2. c4 e6 3. Nf3 d5 4.
Nc3 Bb4 5. Qb3 c5 6. dxc5 Nc6 7. e3 O-O 8. Be2 Ne4 9. O-O Nxc3 10.
bxc3 Bxc5 11. Rd1 dxc4 12. Qxc4 Qe7 13. Rb1 e5 14. e4 b6 15. Bg5 Qe6 16. Qa4 Na5 17. Rd5 f6 18. Bd2 Qe7 19. c4 Be6 20.
Bxa5 Bxd5 21. cxd5 bxa5 22. Qxa5 Rab8 23. Rd1 Qd6 24.
Nd2 Bb4 25. Nc4 Bxa5 26. Nxd6 Rb2 27. Bc4 Bb6 28. Rf1 g6 29. Bb3 Kg7 30. Nc4 Re2 31. Nxb6 axb6 32. Rc1 Rc8 33. Rd1 Rxe4 34. d6 Rd4 35.
Rxd4 exd4 36. Kf1 Rd8 37. Ke2 Rxd6 38. Kd3 Kf8 39. Bc4 Ke7 40. a4 f5 41. Bg8 h6 42.
h3 Kf6 43. Bc4 Ke5 44. g3 g5 45. Bb3 f4 46. Bg8 h5 47. Bh7 h4 48. g4 Rc6 49.
Kd2 Rc3 0-1

[Event "Early-Titled-Tuesday-Blitz-August-29-2023"]
[Site "Chess.com"]
[Date "2023.08.29"]
[Round "7"]
[White "GMForgacs"]
[Black "slidingknight2775"]
[Result "1/2-1/2"]
[WhiteElo "2440"]
[BlackElo "2570"]
[TimeControl "180+1"]
[EndTime "9:17:05 PDT"]
[Termination "Game drawn by repetition"]

1. e4 c6 2. d4 d5 3. Nd2 dxe4 4. Nxe4 Nf6 5. Nxf6+ exf6 6. c3 Bd6 7. Bd3 O-O 8. Qc2 Re8+ 9. Ne2 h5 10. Be3 Nd7 11. O-O-O b5 12. Ng3 Nb6 13. Nxh5 Bg4 14. Be2 Bxe2 15. Qxe2 Nc4 16. Qg4 g6 17. Nf4 f5 18.
Qh3 Qc7 19. Nd3 f4 20. Bd2 a5 21. g3 Re2 22. gxf4 Nxd2 23. Rxd2 Bxf4 24. Nxf4 Qxf4 25.
Rd1 Rxf2 26. Qd7 Rxd2 27. Rxd2 Qf6 28. Re2 Rd8 29. Re8+ Rxe8 30. Qxe8+ Kg7 31. Qe2 Qf4+ 32. Kc2 a4 33. a3 Qf5+ 34. Kd2 Qf4+ 35. Ke1 Qc1+ 36.
Kf2 Qf4+ 37. Kg2 g5 38. h3 Qf5 39. Kg3 Qf4+ 40. Kg2 Qf5 41. Kg3 Kg6 42. Kg2 Qf4 43. Qc2+ Qf5 44. Qe2 Qd5+ 45. Kg3 Qd6+ 46. Kg2 Qd5+ 47.
Kg3 Qf5 48. Kg2 1/2-1/2

[Event "Early-Titled-Tuesday-Blitz-August-29-2023"]
[Site "Chess.com"]
[Date "2023.08.29"]
[Round "7"]
[White "Juicy_Fork"]
[Black "HamedWafa4"]
[Result "1-0"]
[WhiteElo "2429"]
[BlackElo "2537"]
[TimeControl "180+1"]
[EndTime "9:17:05 PDT"]
[Termination "Juicy_Fork won by checkmate"]

1. e4 g6 2. d4 Bg7 3. Nc3 c6 4. Be3 d5 5. e5 h5 6. Qd2 Nh6 7. f3 Nf5 8. Bg5 Qb6 9. O-O-O Nd7 10. g4 hxg4 11. fxg4 Nh6 12. Bg2 Qa5 13. h3 Nb6 14.
b3 Qa3+ 15. Kb1 a5 16. Qd3 a4 17. Nb5 cxb5 18. Qxb5+ Bd7 19. Qxb6 axb3 20. Qxb3 e6 21. Qxa3 Rxa3 22. Ne2 Ng8 23. Kb2 Ra6 24. h4 Ne7 25. h5 gxh5 26. Rxh5 Rg8 27. Bf6 Bxf6 28. exf6 Nc6 29. Rdh1 Rb6+ 30. Kc3 Na5 31. Rh8 Kf8 32. g5 Rc6+ 33. Kd3 Rc8 34. Nf4 Bb5+ 35. Kd2 Nc4+ 36.
Ke1 Ne3 37. Bf3 Nxc2+ 38. Kd2 Nxd4 39. Bg4 Ra8 40. Ke3 Nc2+ 41. Kf3 Rxa2 42. Nxe6+ fxe6 43. Rxg8+ Kxg8 44. Bxe6+ Kf8 45. Rh8# 1-0